 Dungeon Crawl Stone Soup version 0.26-a0-631-ged93497179 (webtiles) character file.

Game seed: 15493108768158674572

5 DogServant the Ruffian (level 1, 0/18 HPs)
             Began as a Naga Transmuter on Sept 11, 2020.
             Slain by a hobgoblin
             ... wielding a +0 club
              (3 damage)
             ... on level 1 of the Dungeon.
             The game lasted 00:01:13 (409 turns).

DogServant the Ruffian (Naga Transmuter)             Turns: 409, Time: 00:01:14

Health: 0/18       AC:  1    Str: 12    XL:     1   Next: 80%
Magic:  2/3        EV: 10    Int: 13    God:
Gold:   0          SH:  0    Dex: 11    Spells: 3/4 levels left

rFire    . . .     SeeInvis +     - Unarmed
rCold    . . .     Faith    .   (no shield)
rNeg     . . .     Spirit   .   a - +0 robe
rPois    +         Reflect  .   (no helmet)
rElec    .         Harm     .   (no cloak)
rCorr    .         Rampage  .   (no gloves)
MR       .....                  (no barding)
Stlth    +.........             (no amulet)
HPRegen  0.06/turn              (no ring)
MPRegen  0.08/turn              (no ring)

@: very slow
A: large, see invisible, deformed body, poison resistance, slowness 2, spit
poison 1, AC +0
a: Spit Poison


You were on level 1 of the Dungeon.
You visited 1 branch of the dungeon, and saw 1 of its levels.

Inventory:

Armour
 a - a +0 robe (worn)
Jewellery
 c - a +6 ring of strength {unknown}
Scrolls
 b - a scroll of amnesia {unknown}
Potions
 d - a potion of stabbing {unknown}


   Skills:
 + Level 1.2 Fighting
 - Level 1.5 Dodging
 * Level 3.2 Unarmed Combat
 - Level 2.0 Spellcasting
 + Level 2.1 Transmutations


You had 3 spell levels left.
You knew the following spells:

 Your Spells              Type           Power        Failure   Level
a - Beastly Appendage     Tmut           #.....       11%         1

Your spell library contained the following spells:

 Spells                   Type           Power        Failure   Level
 Wereblood                Tmut           #.......     16%         2
 Spider Form              Tmut/Pois      #.........   45%         3
 Ice Form                 Ice/Tmut       #.......     86%         4
 Blade Hands              Tmut           #.........   96%         5


Dungeon Overview and Level Annotations

Branches:
Dungeon (1/15)

Altars:


Innate Abilities, Weirdness & Mutations

You cannot wear boots.
Your serpentine skin is tough. (AC +0)
You have supernaturally acute eyesight. (SInv)
Armour fits poorly on your strangely shaped body.
Your system is resistant to poisons. (rPois)
You cover ground very slowly.
You can spit poison.


Message History

The jackal is severely wounded.
The jackal bites you but does no damage.
You completely miss the jackal. You headbutt the jackal.
You kill the jackal!
A goblin comes into view.
The hobgoblin hits you with a +0 club.
The kobold throws a stone.
The stone barely misses you.
A goblin comes into view. It is wielding a +0 dagger.
The hobgoblin hits you with a +0 club.
* * * LOW HITPOINT WARNING * * *
The kobold throws a stone.
The stone barely misses you. The hobgoblin hits you with a +0 club.
* * * LOW HITPOINT WARNING * * *
You see here a stone.
You barely miss the hobgoblin. The hobgoblin barely misses you.
You barely miss the hobgoblin.
You headbutt the hobgoblin, but do no damage.
Your horns disappear.
The hobgoblin hits you with a +0 club.
You die...

#<# #.#...#.#.#
#.#####.#####.#.#
#......>......#.#
###.#######.###.#
#.# ... #.#...# #.#
#.###.###.# .>.
#.#..>..#.# ###
#.#.###.#.# #.
#@#.#.#.#.#
..###.###g###.###.#
.........K........#
....g..........####
......†...(###.#
#..#######÷# #.# #
#.# #.# #.# #.# #.#
#.#


You could see a hobgoblin and a kobold.

Vanquished Creatures
  A hobgoblin (D:1)
  2 jackals (D:1)
  2 frilled lizards (D:1)
5 creatures vanquished.

Notes
Turn   | Place    | Note
-------+----------+-------------------------------------------
     0 | D:1      | DogServant the Naga Transmuter began the quest for the Orb.
     0 | D:1      | Reached XP level 1. HP: 18/18 MP: 3/3
   409 | D:1      | Slain by a hobgoblin

Illustrated notes

Levels and vault maps discovered:
D:1:      evilmike_arrival_hilbert_curve, layout_basic

Action                   || total
-------------------------++-------
Melee: Unarmed           ||    19
       Headbutt          ||     3
 Cast: Beastly Appendage ||     2
Armor: Robe              ||     3
Dodge: Dodged            ||    11

Table legend: (Time is in decaauts)
 A = Elapsed time spent in this place.
 B = Non-inter-level travel time spent in this place.
 C = Inter-level travel time spent in this place.
 D = Time resting spent in this place.
 E = Time spent auto-exploring this place.
 F = Levels seen in this place.
 G = Mean time per level.
                   A        B        C        D        E       F      G
               +--------+--------+--------+--------+--------+-----+--------+
         Total |    445 |    445 |      0 |    240 |    159 |   1 |  445.0 |
       Dungeon |    445 |    445 |      0 |    240 |    159 |   1 |  445.0 |
               +--------+--------+--------+--------+--------+-----+--------+

Top non-repeatable levels by time:
     D:1: 445 daAuts
